 Dungeon Crawl Stone Soup version 0.32-a0-975-g85d4e5bfdb (webtiles) character file.

Game seed: 402984340253941058

744 Maxmaps the Changeling (level 7, -4/59 HPs)
             Began as a Red Draconian Shapeshifter on Apr 19, 2024.
             Slain by Pikel
             ... wielding a +1 whip of electrocution
              (5 damage)
             ... on level 5 of the Dungeon.
             The game lasted 00:06:12 (4960 turns).

Maxmaps the Changeling (Red Draconian Shapeshifter) Turns: 4960, Time: 00:06:12

Health: -4/59      AC:  6    Str: 17    XL:     7   Next: 47%
Magic:  7/7        EV: 11    Int: 12    God:
Gold:   206        SH:  0    Dex: 10    Spells: 6/6 levels left

rFire   + . .        p - +0 dagger (venom)
rCold   . . .        (no shield)
rNeg    + . .        (body armour unavailable)
rPois   +            (helmet currently unavailable)
rElec   .            (cloak currently unavailable)
rCorr   .            (gloves currently unavailable)
SInv    .            (boots currently unavailable)
Will    .....        r - amulet of magic regeneration
Stlth   +            e - ring of positive energy
HPRegen 0.29/turn    o - ring of poison resistance
MPRegen 0.50/turn

%: no passive effects
@: mighty, beast-form
A: beast (slay +4), combustion breath, AC +6, unfitting armour, fire resistance
1, cold-blooded
a: Combustion Breath, Begin Untransformation


You were on level 5 of the Dungeon.
You were a hulking beast.
You visited 1 branch of the dungeon, and saw 5 of its levels.

You collected 206 gold pieces.

Inventory:

Hand Weapons
 p - a +0 dagger of venom (weapon)
Armour
 u - a +0 cloak
Jewellery
 e - a ring of positive energy (left hand)
 i - a +6 ring of strength
 m - a ring of resist corrosion
 o - a ring of poison resistance (right hand)
 r - an amulet of magic regeneration (around neck)
Talismans
 a - a maw talisman
 b - a beast talisman (active)
 c - a flux talisman
Wands
 f - a wand of paralysis (10)
Scrolls
 g - a scroll of fog {unknown}
 h - 5 scrolls of identify {unknown}
 k - 3 scrolls of noise {unknown}
 l - 4 scrolls of teleportation {unknown}
 s - a scroll of fear {unknown}
 y - a scroll of blinking {unknown}
 A - a scroll of torment {unknown}
Potions
 j - 2 potions of enlightenment {unknown}
 q - a potion of degeneration {unknown}
 t - 2 potions of lignification
 v - 2 potions of heal wounds {unknown}
 w - a potion of brilliance {unknown}
 x - a potion of attraction {unknown}
 z - a potion of resistance {unknown}
 B - a potion of magic {unknown}


   Skills:
 - Level 4.2 Fighting
 - Level 1.7 Dodging
 - Level 3.0 Unarmed Combat
 - Level 7.4 Shapeshifting


You had 6 spell levels left.
You didn't know any spells.
Your spell library contained the following spells:

 Spells                   Type           Power      Damage    Failure   Level
 Magic Dart               Conj           0%         1d3       32%         1
 Blink                    Tloc           0%         N/A       45%         2
 Call Imp                 Summ           0%         N/A       45%         2
 Sublimation of Blood     Necr           0%         N/A       45%         2
 Summon Hydra             Summ           0%         N/A       100%        7


Dungeon Overview and Level Annotations

Branches:
Dungeon (5/15)
 Temple: D:4-7

Altars:
Elyvilon
Wu Jian

Annotations:
D:5 Pikel


Innate Abilities, Weirdness & Mutations

You are a hulking beast.
Your limbs bulge with bestial killing power. (Slay +4)
You can breathe blasts of explosive embers.
Your fiery red scales are hard. (AC +6)
You cannot fit into any form of body armour.
Your flesh is heat resistant. (rF+)
You are cold-blooded and may be slowed by cold attacks.


Message History

The lemure hits you.
You puncture the lemure!
The lemure is heavily wounded.
Pikel says, "You'll feel the lick of my whip!"
The lemure hits you but does no damage.
You puncture the lemure!
The lemure is severely wounded.
The lemure barely misses you.
You closely miss the lemure. You tail-slap the lemure.
You kill the lemure!
That felt strangely unrewarding.
You hit Pikel.
Pikel is poisoned.
You tail-slap Pikel.
Pikel is moderately wounded.
Pikel hits you with a +1 whip of electrocution!
You are electrocuted!
You closely miss Pikel.
Pikel is moderately wounded.
Pikel hits you with a +1 whip of electrocution!
You are electrocuted!
* * * LOW HITPOINT WARNING * * *
You closely miss Pikel.
Your tail-slap misses Pikel.
Pikel is moderately wounded.
Pikel hits you with a +1 whip of electrocution.
* * * LOW HITPOINT WARNING * * *
You barely miss Pikel.
Pikel is heavily wounded.
Pikel barely misses you.
You puncture Pikel!
Pikel looks as sick as possible!
Pikel is severely wounded.
Pikel hits you with a +1 whip of electrocution.
* * * LOW HITPOINT WARNING * * *
You feel better. Pikel waves his whip at you.
Pikel hits you but does no damage.
You are electrocuted!
* * * LOW HITPOINT WARNING * * *
You puncture Pikel!
Pikel looks as sick as possible!
Pikel is almost dead.
Pikel hits you with a +1 whip of electrocution.
You die...
Pikel says, "Another soul for the market."

. ## ...).....##.....#
##. .###.#..............#
#.. ....#.............##
..### #...##..........###
..#.# #...##..#......>.##
....# #..###..####......#
....###......# ##...#..#
....##.......####..######
.......♣♣.♣♣.55Kh...#
....5...♣.♣...5##...#
...#..♣.....♣..###.##
#.##..♣♣...♣♣.## ###
####....._....#
#>#...♣♣...♣♣.#
#.....♣.....♣...
........♣.♣.......
#......♣♣.♣♣........


You could see Pikel (extremely poisoned) and 3 lemures.

Vanquished Creatures
  Pargi (D:4)
  A black bear (D:5)
  A lemure (D:5)
  A phantom (D:4)
  2 scorpions
  A jelly (D:4)
  2 orc priests
  Terence (D:2)
  An iguana (D:5)
  2 orc wizards
  3 adders
  A white imp (D:4)
  2 ufetubi (D:5)
  3 dart slugs
  2 ribbon worms
  18 orcs
  7 bats
  12 endoplasms
  3 giant cockroaches
  12 goblins
  9 hobgoblins
  12 jackals
  6 kobolds
  3 quokkas
  3 ball pythons
  4 frilled lizards (D:3)
  4 rats
117 creatures vanquished.

Notes
Turn   | Place    | Note
-------+----------+-------------------------------------------
     0 | D:1      | Maxmaps the Draconian Shapeshifter began the quest for the
                  | Orb.
     0 | D:1      | Reached XP level 1. HP: 16/16 MP: 1/1
   115 | D:1      | Reached XP level 2. HP: 24/25 MP: 2/2
   461 | D:1      | Reached XP level 3. HP: 31/31 MP: 3/3
  1207 | D:2      | Found a faded altar of an unknown god.
  1222 | D:2      | Noticed Terence
  1233 | D:2      | Killed Terence
  1484 | D:2      | Reached XP level 4. HP: 39/40 MP: 4/4
  2264 | D:3      | Reached skill level 4 in Shapeshifting
  2264 | D:3      | Reached XP level 5. HP: 11/46 MP: 5/5
  2568 | D:3      | Identified the +2 ring mail of Gozag, Holding {rCorr Int+3
                  | SInv}
  2957 | D:3      | Found an ornate altar of the Wu Jian Council.
  3480 | D:4      | Noticed Pargi
  3490 | D:4      | Killed Pargi
  3491 | D:4      | Reached skill level 5 in Shapeshifting
  3491 | D:4      | Reached XP level 6. HP: 39/52 MP: 6/6
  3713 | D:4      | Reached skill level 6 in Shapeshifting
  4042 | D:4      | Your scales start taking on a fiery red colour.
  4042 | D:4      | Reached XP level 7. HP: 36/59 MP: 7/7
  4042 | D:4      | Gained mutation: Your flesh is heat resistant. (rF+) [Red
                  | Draconian growth]
  4630 | D:5      | Entered Level 5 of the Dungeon
  4642 | D:5      | Reached skill level 7 in Shapeshifting
  4723 | D:5      | Found a white marble altar of Elyvilon.
  4926 | D:5      | Noticed Pikel
  4959 | D:5      | HP: 1/59 [Pikel/+1 whip of electrocution (16)]
  4960 | D:5      | Slain by Pikel

Illustrated notes

Levels and vault maps discovered:
D:1:      amcnicky_arrival_choice, layout_basic, serial_bayou_pond_d
D:2:      layout_basic, basic_ecumenical_altar, serial_rivers,
          chequers_serial_rivers_room_b, chequers_serial_rivers_room_b,
          chequers_serial_rivers_room_b, chequers_serial_rivers_small_b,
          chequers_serial_rivers_room_a, chequers_serial_rivers_micro_d,
          uniq_terence
D:3:      minmay_bubble_buster, layout_basic, pdpol_wu_jian_five_deadly_venoms,
          kennysheep_generic_room_6
D:4:      layout_loops_cross, minmay_diced_spiral, uniq_pargi
D:5:      layout_cave_pools, mainiacjoe_overflow_small_starburst,
          gammafunk_ghost_gnarly_gnolls, serial_shops, shop, uniq_pikel

Skill      XL: |  1  2  3  4  5  6  7 |
---------------+----------------------+-----
Fighting       | 2 3 4 |  4.2
Shapeshifting  | 4 5 6 7 |  7.4
Dodging        | |  1.7
Unarmed Combat | |  3.0

Action                     |  1- 3 |  4- 6 |  7- 9 || total
---------------------------+-------+-------+-------++-------
  Melee: Unarmed           |    95 |    21 |       ||   116
         Tailslap          |    10 |    22 |     9 ||    41
         Dagger            |       |   198 |    80 ||   278
    Use: Potion            |     1 |     2 |     2 ||     5
   Stab: Sleeping          |       |     2 |       ||     2
 Armour: Skin              |    78 |   158 |    99 ||   335
  Dodge: Dodged            |    53 |   125 |    98 ||   276

Table legend: (Time is in decaauts)
 A = Elapsed time spent in this place.
 B = Non-inter-level travel time spent in this place.
 C = Inter-level travel time spent in this place.
 D = Time resting spent in this place.
 E = Time spent auto-exploring this place.
 F = Levels seen in this place.
 G = Mean time per level.
                   A        B        C        D        E       F      G
               +--------+--------+--------+--------+--------+-----+--------+
         Total |   4976 |   4732 |    244 |    369 |   3582 |   5 |  995.2 |
       Dungeon |   4976 |   4732 |    244 |    369 |   3582 |   5 |  995.2 |
               +--------+--------+--------+--------+--------+-----+--------+

Top non-repeatable levels by time:
     D:3: 1348 daAuts
     D:4: 1168 daAuts
     D:2: 1138 daAuts
     D:1: 990 daAuts
     D:5: 329 daAuts
